 Dungeon Crawl Stone Soup version 0.30-a0-528-g8c47a4955b (webtiles) character file.

Game seed: 15261619924155642990

436 NinjaNoafa the Grasshopper (level 7, -8/56 HPs)
             Began as a Gnoll Warper on Dec 24, 2022.
             Was an Initiate of Cheibriados.
             Shot with a bolt by a gnoll bouda (21 damage)
             ... on level 5 of the Dungeon.
             The game lasted 00:09:15 (4175 turns).

NinjaNoafa the Grasshopper (Gnoll Warper)           Turns: 4175, Time: 00:09:16

Health: -8/56      AC:  5    Str: 11    XL:     7   Next: 1%
Magic:  8/15       EV: 13    Int: 16    God:    Cheibriados [......]
Gold:   177        SH:  0    Dex: 12    Spells: 2/17 levels left

rFire   . . .      SeeInvis .    c - +2 flail (holy)
rCold   . . .      Faith    .    (no shield)
rNeg    . . .      Spirit   .    x - +1 robe {Will+}
rPois   .          Reflect  .    r - +2 hat
rElec   .          Harm     .    (no cloak)
rCorr   .          Rampage  .    s - +0 pair of gloves
Will    +....                    (no boots)
Stlth   ++                       (no amulet)
HPRegen 1.09/turn                l - ring of wizardry
MPRegen 0.14/turn                (no ring)

@: very slow
A: fangs 1, strong nose, distributed training, deformed body, regeneration 1
a: Renounce Religion


You were on level 5 of the Dungeon.
You worshipped Cheibriados.
Cheibriados was noncommittal.
You visited 2 branches of the dungeon, and saw 6 of its levels.

You collected 177 gold pieces.

Inventory:

Hand Weapons
 c - a +2 flail of holy wrath (weapon)
Missiles
 d - 7 boomerangs of dispersal
 f - 27 stones
 q - 16 poisoned darts (quivered)
Armour
 r - a +2 hat (worn)
 s - a +0 pair of gloves (worn)
 x - a +1 robe of willpower (worn)
Jewellery
 l - a ring of wizardry (left hand)
Scrolls
 a - a scroll of acquirement {unknown}
 e - a scroll of teleportation {unknown}
 g - 4 scrolls of enchant weapon {unknown}
 j - a scroll of immolation {unknown}
 k - 2 scrolls of brand weapon {unknown}
 n - 2 scrolls of vulnerability {unknown}
 p - 2 scrolls of identify {unknown}
 u - a scroll of summoning {unknown}
 w - a scroll of noise {unknown}
Potions
 h - 4 potions of curing
 o - 2 potions of attraction {unknown}
 t - a potion of heal wounds {unknown}


   Skills:
 + Level 5.1 Fighting
 + Level 2.3 Short Blades
 + Level 2.3 Long Blades
 + Level 2.3 Axes
 + Level 5.1 Maces & Flails
 + Level 2.3 Polearms
 + Level 2.3 Staves
 + Level 2.3 Ranged Weapons
 + Level 3.5 Throwing
 + Level 3.5 Armour
 + Level 5.1 Dodging
 + Level 2.3 Stealth
 + Level 2.3 Shields
 + Level 2.3 Unarmed Combat
 + Level 5.5 Spellcasting
 + Level 1.8 Conjurations
 + Level 1.8 Hexes
 + Level 1.8 Summonings
 + Level 1.8 Necromancy
 + Level 5.8 Translocations
 + Level 1.8 Transmutations
 + Level 1.8 Fire Magic
 + Level 1.8 Ice Magic
 + Level 1.8 Air Magic
 + Level 1.8 Earth Magic
 + Level 1.8 Poison Magic
 + Level 2.5 Invocations
 + Level 2.3 Evocations


You had 2 spell levels left.
You knew the following spells:

 Your Spells              Type           Power      Damage    Failure   Level
a - Blink                 Tloc           44%        N/A       1%          2
b - Lesser Beckoning      Tloc           44%        N/A       1%          3
c - Teleport Other        Tloc           22%        N/A       1%          3
d - Vhi's Electric Charg  Tloc/Air       32%        N/A       3%          3
e - Manifold Assault      Tloc           22%        N/A       5%          4

Your spell library contained the following spells:

 Spells                   Type           Power      Damage    Failure   Level
 Slow                     Hex            40%        N/A       2%          1
 Portal Projectile        Hex/Tloc       32%        N/A       3%          3
 Call Canine Familiar     Summ           10%        N/A       9%          3
 Confusing Touch          Hex            10%        N/A       9%          3
 Vampiric Draining        Necr           10%        2d6       9%          3
 Leda's Liquefaction      Hex/Erth       5%         N/A       26%         4


Dungeon Overview and Level Annotations

Branches:
Dungeon (5/15)             Temple (1/1) D:4

Altars:
Ashenzari
Cheibriados
Elyvilon
Gozag
Kikubaaqudgha
Makhleb
Nemelex Xobeh
Okawaru
Qazlal
Ru
Uskayaw
Zin
The Shining One

Annotations:
D:5 Edmund


Innate Abilities, Weirdness & Mutations

You have very sharp teeth.
Your uncanny sense of smell can sniff out nearby items.
Your experience applies equally to all skills.
Armour fits poorly on your strangely shaped body.
Your natural rate of healing is unusually fast.


Message History

Throw: 18 darts (poison)
Press: ? - help, Q - select action, (/) - cycle Shift-Dir - straight line, f - gnoll bouda
Aim: a gnoll bouda, wielding a +0 arbalest and wearing a +0 robe (64% to hit)
You throw a poisoned dart. The poisoned dart hits the gnoll bouda.
The gnoll bouda shoots a bolt.
The bolt hits you!
Throw: 17 darts (poison)
Press: ? - help, Q - select action, (/) - cycle Shift-Dir - straight line, f - Edmund, p - gnoll bouda
Aim: Edmund, wielding a +2 flail of pain and wearing a +0 chain mail (68% to hit)
You throw a poisoned dart. The poisoned dart hits Edmund.
Edmund is poisoned.
You feel stable enough to blink again.
Edmund says, "You wouldn't believe how much I paid for this flail."
The gnoll bouda shoots a bolt.
The bolt hits you but does no damage.
Casting: Blink (safe; 1% risk of failure)
Confirm with . or Enter, or press ? or * to list all spells.
Charge where?
Press: ? - help, Dir - move target, f/p - Edmund
Aim: Edmund, wielding a +2 flail of pain and wearing a +0 chain mail (lightly wounded, poisoned, 86% to hit)
You charge forward with an electric crackle!
You barely miss Edmund. You bite Edmund, but do no damage.
Edmund is lightly wounded.
Edmund barely misses you.
The gnoll hits you from afar with a +2 vorpal spear.
Casting: Vhi's Electric Charge (dangerous; 3% risk of failure)
Confirm with . or Enter, or press ? or * to list all spells.
Aiming: Teleport Other (safe; 1% risk of failure)
Press: ? - help, Shift-Dir - straight line, f/p - Edmund
Aim: Edmund, wielding a +2 flail of pain and wearing a +0 chain mail (lightly wounded, poisoned, chance to affect: 62%) Edmund looks slightly unstable.
Edmund misses you. The gnoll misses you. Edmund attacks as you move away!
Edmund hits you with a +2 flail of pain!
* * * LOW HITPOINT WARNING * * *
You writhe in agony.
* * * LOW HITPOINT WARNING * * *
Edmund says, "A flail is better than a scythe, any day of the week!"
Edmund closely misses you.
The gnoll bouda barks out a call to the hunt!
A gnoll comes into view. It is wielding a +0 spear.
The gnoll shouts!
Edmund disappears!
The gnoll bouda shoots a bolt.
The bolt hits you!!
You die...

#....##..............#
#.......###..........#
##'##..## #......<...#
#...#.<.# ##.#########
#+#...#+#.# #.#
#.......#.## #.#
###.)g###..###.# ∆
#.(g..'.#...#..#
#####@#+#...###
#..°..#.....#
+..g..##'##.# ∆
#....†#...#.#
###(#+#...#'#
#.'g..'.#.......# ####
###...#####...### .#.+
#..... #.'...'.#
'#.### #+#..
#+#.#####.#


You could see a gnoll bouda and 2 gnolls.

Vanquished Creatures
  2 phantoms
  A howler monkey (D:4)
  A gnoll bouda (D:4)
  2 hounds
  An iguana (D:5)
  An orc wizard (D:4)
  3 gnolls (D:4)
  3 adders
  A worm (D:4)
  A dart slug (D:3)
  6 orcs
  2 bats (D:3)
  3 endoplasms
  2 giant cockroaches
  3 hobgoblins
  2 jackals (D:3)
  3 kobolds
  5 ball pythons
  2 frilled lizards
  4 goblins
  4 rats
52 creatures vanquished.

Notes
Turn   | Place    | Note
-------+----------+-------------------------------------------
     0 | D:1      | NinjaNoafa the Gnoll Warper began the quest for the Orb.
     0 | D:1      | Reached XP level 1. HP: 20/20 MP: 6/6
   602 | D:1      | Reached XP level 2. HP: 24/26 MP: 7/7
   691 | D:1      | Learned a level 2 spell: Blink
   866 | D:2      | Found a faded altar of an unknown god.
  1139 | D:2      | Reached skill level 5 in Spellcasting
  1139 | D:2      | Reached XP level 3. HP: 31/31 MP: 7/9
  1143 | D:2      | Learned a level 3 spell: Lesser Beckoning
  1147 | D:2      | Learned a level 3 spell: Teleport Other
  1151 | D:2      | Learned a level 3 spell: Vhi's Electric Charge
  1261 | D:2      | Reached skill level 1 in Invocations
  1644 | D:3      | Found an iron altar of Okawaru.
  1685 | D:3      | Noticed a phantom
  1731 | D:3      | Killed a phantom
  1732 | D:3      | Reached skill level 1 in Short Blades
  1732 | D:3      | Reached skill level 1 in Long Blades
  1732 | D:3      | Reached skill level 1 in Axes
  1732 | D:3      | Reached skill level 1 in Polearms
  1732 | D:3      | Reached skill level 1 in Staves
  1732 | D:3      | Reached skill level 1 in Ranged Weapons
  1732 | D:3      | Reached skill level 1 in Stealth
  1732 | D:3      | Reached skill level 1 in Shields
  1732 | D:3      | Reached skill level 1 in Unarmed Combat
  1732 | D:3      | Reached skill level 1 in Conjurations
  1732 | D:3      | Reached skill level 1 in Hexes
  1732 | D:3      | Reached skill level 1 in Summonings
  1732 | D:3      | Reached skill level 1 in Necromancy
  1732 | D:3      | Reached skill level 1 in Transmutations
  1732 | D:3      | Reached skill level 1 in Fire Magic
  1732 | D:3      | Reached skill level 1 in Ice Magic
  1732 | D:3      | Reached skill level 1 in Air Magic
  1732 | D:3      | Reached skill level 1 in Earth Magic
  1732 | D:3      | Reached skill level 1 in Poison Magic
  1732 | D:3      | Reached skill level 1 in Evocations
  1732 | D:3      | Reached XP level 4. HP: 22/38 MP: 11/11
  1803 | D:3      | Found an ancient bone altar of Kikubaaqudgha.
  1945 | D:3      | Reached XP level 5. HP: 42/43 MP: 12/12
  2487 | D:4      | Found a staircase to the Ecumenical Temple.
  2685 | D:4      | Reached XP level 6. HP: 18/50 MP: 13/13
  2688 | D:5      | Entered Level 5 of the Dungeon
  2702 | D:4      | Learned a level 4 spell: Manifold Assault
  3088 | D:4      | Reached skill level 5 in Fighting
  3088 | D:4      | Reached skill level 5 in Maces & Flails
  3088 | D:4      | Reached skill level 5 in Dodging
  3668 | D:5      | Noticed Edmund
  3673 | D:5      | Gained mutation: You are clumsy. (Dex -2) [potion of
                  | mutation]
  3673 | D:5      | Gained mutation: Your mind is acute. (Int +4, Str/Dex -1)
                  | [potion of mutation]
  3673 | D:5      | Gained mutation: You are weak. (Str -2) [potion of
                  | mutation]
  3880 | Temple   | Entered the Ecumenical Temple
  4016 | Temple   | Became a worshipper of Cheibriados the Contemplative
  4054 | Temple   | Lost mutation: You are clumsy. (Dex -2) [potion of
                  | mutation]
  4054 | Temple   | Lost mutation: Your mind is acute. (Int +4, Str/Dex -1)
                  | [potion of mutation]
  4054 | Temple   | Lost mutation: You are weak. (Str -2) [potion of mutation]
  4054 | Temple   | Gained mutation: Armour fits poorly on your strangely
                  | shaped body. [potion of mutation]
  4054 | Temple   | Gained mutation: Your natural rate of healing is unusually
                  | fast. [potion of mutation]
  4149 | D:5      | Reached XP level 7. HP: 38/56 MP: 15/15
  4175 | D:5      | Shot with a bolt by a gnoll bouda

Illustrated notes

Levels and vault maps discovered:
D:1:      spicycebolla_arrival_transporter_tutorial, layout_loops_ring,
          minmay_ruptured
D:2:      layout_loops_ring, hellmonk_ecumenical_altar_lost_god
D:3:      layout_basic, mainiacjoe_overflow_swirl, kennysheep_generic_room_4
D:4:      layout_rooms, minmay_temple_entry_statues_pillars,
          hangedman_decor_slide_cut, grunt_decor_arrowhead
D:5:      nicolae_cairo_tiling_large, layout_rooms,
          mainiacjoe_overflow_alcove_2, kennysheep_crisscross,
          minmay_misc_feat_doors, uniq_edmund
Temple:   grunt_temple_mini_profane

Skill      XL: |  1  2  3  4  5  6 |
---------------+-------------------+-----
Spellcasting   | 5 |  5.5
Invocations    | 1 2 |  2.5
Short Blades   | 1 2 |  2.3
Long Blades    | 1 2 |  2.3
Axes           | 1 2 |  2.3
Polearms       | 1 2 |  2.3
Staves         | 1 2 |  2.3
Ranged Weapons | 1 2 |  2.3
Stealth        | 1 2 |  2.3
Shields        | 1 2 |  2.3
Unarmed Combat | 1 2 |  2.3
Conjurations   | 1 |  1.8
Hexes          | 1 |  1.8
Summonings     | 1 |  1.8
Necromancy     | 1 |  1.8
Transmutations | 1 |  1.8
Fire Magic     | 1 |  1.8
Ice Magic      | 1 |  1.8
Air Magic      | 1 |  1.8
Earth Magic    | 1 |  1.8
Poison Magic   | 1 |  1.8
Evocations     | 1 2 |  2.3
Throwing       | 3 |  3.5
Armour         | 3 |  3.5
Fighting       | 5 |  5.1
Maces & Flails | 5 |  5.1
Dodging        | 5 |  5.1
Translocations | |  5.8

Action                   |  1- 3 |  4- 6 |  7- 9 || total
-------------------------+-------+-------+-------++-------
Melee: Mace              |   122 |    82 |       ||   204
       Bite              |    10 |    16 |     1 ||    27
       Punch             |       |     2 |       ||     2
       Flail             |       |    35 |     1 ||    36
Throw: Dart              |       |     9 |     2 ||    11
 Cast: Blink             |     1 |     3 |     1 ||     5
       Vhi's Electric Ch |     2 |     3 |     1 ||     6
       Manifold Assault  |       |     3 |       ||     3
       Teleport Other    |       |       |     1 ||     1
  Use: Potion            |       |     5 |       ||     5
       Scroll            |       |     1 |       ||     1
 Stab: Sleeping          |     2 |     3 |       ||     5
Armor: Steam dragon scal |    41 |    33 |       ||    74
       Leather armour    |     1 |       |       ||     1
       Robe              |       |    15 |     1 ||    16
Dodge: Dodged            |    90 |    94 |     4 ||   188

Table legend: (Time is in decaauts)
 A = Elapsed time spent in this place.
 B = Non-inter-level travel time spent in this place.
 C = Inter-level travel time spent in this place.
 D = Time resting spent in this place.
 E = Time spent auto-exploring this place.
 F = Levels seen in this place.
 G = Mean time per level.
                   A        B        C        D        E       F      G
               +--------+--------+--------+--------+--------+-----+--------+
         Total |   4230 |   3958 |    272 |      0 |   3143 |   6 |  705.0 |
       Dungeon |   3993 |   3769 |    224 |      0 |   2965 |   5 |  798.6 |
        Temple |    237 |    189 |     48 |      0 |    177 |   1 |  237.0 |
               +--------+--------+--------+--------+--------+-----+--------+

Top non-repeatable levels by time:
     D:4: 1074 daAuts
     D:3: 930 daAuts
     D:2: 827 daAuts
     D:1: 739 daAuts
     D:5: 422 daAuts
  Temple: 237 daAuts
